 Dungeon Crawl Stone Soup version 0.19.0-18-g426998a (webtiles) character file.

387 bombpersons the Skirmisher (level 6, -1/58 HPs)
             Began as a Naga Wanderer on Nov 11, 2016.
             Was an Initiate of Yredelemnul.
             Slain by a worker ant (3 damage)
             ... on level 4 of the Dungeon.
             The game lasted 00:34:23 (5055 turns).

bombpersons the Skirmisher (Naga Wanderer)          Turns: 5055, Time: 00:34:24

Health: -1/58      AC:  4    Str: 10      XL:     6   Next: 78%
Magic:  11/12      EV:  9    Int: 16      God:    Yredelemnul [......]
Gold:   82         SH:  0    Dex: 12 (13) Spells: 0 memorised, 13 levels left

rFire  . . .     SeeInvis +     a - +3 hand crossbow
rCold  . . .     Gourm    .     f - +1 robe
rNeg   . . .     Faith    .     (no shield)
rPois  +         Spirit   .     (no helmet)
rElec  .         Reflect  .     (no cloak)
rCorr  .         Harm     .     (no gloves)
MR     .....                    (no barding)
Stlth  +.........               (no amulet)
                                (no ring)
                                i - ring of flight

@: flying, very slow
A: see invisible, deformed body, poison resistance, slowness 2, slow metabolism
1, spit poison 1, AC +2
a: Spit Poison, Renounce Religion, Stop Flying


You were on level 4 of the Dungeon.
You worshipped Yredelemnul.
Yredelemnul was noncommittal.
You were very hungry.

You visited 2 branches of the dungeon, and saw 5 of its levels.

You collected 172 gold pieces.
You spent 90 gold pieces at shops.

Inventory:

Hand Weapons
 a - a +3 hand crossbow (weapon)
 c - a +0 hand axe
 e - a +0 blowgun
Missiles
 b - 22 bolts (quivered)
 d - 14 poisoned needles
 s - 4 javelins of returning
Armour
 f - a +1 robe (worn)
 g - a +0 ring mail
 n - a +0 chain mail
Jewellery
 i - a ring of flight (left hand)
Scrolls
 q - a scroll of enchant weapon
Potions
 j - a potion of heal wounds {unknown}
 m - a potion of magic {unknown}
 o - 2 potions of degeneration {unknown}
 r - a potion of cancellation {unknown}
Comestibles
 k - a meat ration
 l - 4 fruits
 p - 3 bread rations


   Skills:
 + Level 4.3 Fighting
 + Level 4.2 Crossbows
 - Level 1.0 Throwing
   Level 1.0 Shields
 + Level 4.1 Spellcasting
   Level 1.0 Translocations


You had 13 spell levels left.
You didn't know any spells.

Dungeon Overview and Level Annotations

Branches:
Dungeon (4/15)             Temple (1/1) D:4

Altars:
Cheibriados
Dithmenos
Gozag
Hepliaklqana
Kikubaaqudgha
Nemelex Xobeh
Okawaru
Ru
Sif Muna
Uskayaw
Xom
Yredelemnul
Zin
The Shining One

Shops:
D:4 (

Annotations:
D:4 Eustachio


Innate Abilities, Weirdness & Mutations

You cannot wear boots.
Your serpentine skin is tough. (AC +2)
You have supernaturally acute eyesight. (SInv)
Armour fits poorly on your strangely shaped body.
Your system is resistant to poisons. (rPois)
You cover ground very slowly.
You have a slow metabolism.
You can spit poison.


Message History

The quokka bites you.
* * * LOW HITPOINT WARNING * * *
The howler monkey hoots and howls with incredible vigour!
The quasit closely misses you. The quasit misses you.
The quasit claws you but does no damage.
The river rat bites you but does no damage.
Really attack while wielding your +3 hand crossbow?
Okay, then.
Press: ? - help, v - describe, . - travel A shaft.
There are monsters nearby!
Firing (i - inventory. (,) - cycle):
b - 23 bolts (quivered)
Press: ? - help, Shift-Dir - straight line, f - quasit
Aim: a quasit (lightly wounded, summoned)
You shoot a bolt.
The bolt hits the quasit but does no damage.
The quasit is lightly wounded.
The quokka misses you. The bat closely misses you. The worker ant bites you.
You die...
Your body rises from the dead as a mindless zombie.

#.### ###....
#...h.##### #
#.........##.#
#.^##........
#......#..#
#..h......#
#barb..#...#
##@##.##...#
#.###5r.........
#.....@#####.....
#.####......# #.
##.####.#
#...###.#.
########
#....>....
##......####
#...###.##
...#.......#
##.####.#


You could see Eustachio, a howler monkey, a worker ant, a quasit, a river rat, a
quokka and 2 bats.

Vanquished Creatures
  The ghost of Nordron the Ducker, an amateur SpMo (D:3)
  3 orc priests
  A bullfrog skeleton (D:2)
  9 adders
  An ooze (D:1)
  4 worms
  6 dart slugs
  5 leopard geckos
  8 orcs
  8 bats
  2 giant cockroaches
  8 goblins
  10 hobgoblins
  2 jackals (D:3)
  2 quokkas
  3 ball pythons
  A frilled lizard (D:1)
  5 kobolds
  A leopard gecko skeleton (D:4)
  18 rats
98 creatures vanquished.

Notes
Turn   | Place    | Note
-------+----------+-------------------------------------------
     0 | D:1      | bombpersons the Naga Wanderer began the quest for the Orb.
     0 | D:1      | bombpersons set off with: a +2 hand crossbow, 28 bolts, a +0 hand axe, 14 poisoned needles, a +0 blowgun, a +0 robe, a bread ration
     0 | D:1      | Reached XP level 1. HP: 19/19 MP: 3/3
   147 | D:1      | Reached XP level 2. HP: 19/26 MP: 5/5
   633 | D:1      | Reached XP level 3. HP: 31/33 MP: 6/6
  1283 | D:2      | Reached XP level 4. HP: 40/42 MP: 8/8
  2403 | D:2      | Reached XP level 5. HP: 21/49 MP: 9/9
  3241 | D:3      | Noticed Nordron's ghost (amateur SpMo)
  3852 | D:3      | Killed Nordron's ghost
  3852 | D:3      | Reached XP level 6. HP: 14/57 MP: 11/11
  4566 | D:4      | Found Zin's Purification Station.
  4574 | D:4      | Found a glowing silver altar of Zin.
  4585 | D:4      | Bought a potion of curing for 90 gold pieces
  4700 | D:4      | Found Curraitu's Weapon Shop.
  4728 | D:4      | Found a staircase to the Ecumenical Temple.
  4743 | Temple   | Entered the Ecumenical Temple
  4829 | Temple   | Became a worshipper of Yredelemnul the Dark
  4877 | D:4      | Found a hazy altar of Hepliaklqana.
  5042 | D:4      | Noticed Eustachio
  5050 | D:4      | HP: 2/58 [river rat[Eustachio] (5)]
  5055 | D:4      | Slain by a worker ant

Skill      XL: |  1  2  3  4  5  6 |
---------------+-------------------+-----
Crossbows      | 3 4 |  4.2
Fighting       | 3 4 |  4.3
Spellcasting   | 3 4 |  4.1
Throwing       | |  1.0
Shields        | |  1.0
Translocations | |  1.0

Action                   |  1- 3 |  4- 6 || total
-------------------------+-------+-------++-------
 Fire: Hand crossbow     |    67 |   173 ||   240
 Abil: Spit Poison       |       |     3 ||     3
       Evoke Flight      |       |     1 ||     1
  Use: Scroll            |       |     5 ||     5
       Potion            |       |     5 ||     5
  Eat: Bread ration      |       |     2 ||     2
Armor: Robe              |     7 |    57 ||    64
Dodge: Dodged            |    14 |   122 ||   136
